 Dungeon Crawl Stone Soup version 0.30-a0-830-gfe289a77b0 (webtiles) character file.

Game seed: 14669551785842031494

40868 retardedninja the Blocker (level 14, -9/169 HPs)
             Began as a Gnoll Fighter on Feb 28, 2023.
             Was an Initiate of Gozag.
             Mangled by a skyshark (11 damage)
             ... on level 5 of the Lair of Beasts.
             The game lasted 00:32:39 (28996 turns).

retardedninja the Blocker (Gnoll Fighter)          Turns: 28996, Time: 00:32:40

Health: -9/169     AC: 27    Str: 26    XL:     14   Next: 12%
Magic:  27/27      EV:  2    Int:  8    God:    Gozag
Gold:   1823       SH:  6    Dex: 12    Spells: 31/31 levels left

rFire   + . .      SeeInvis .    d - +9 morningstar
rCold   + . .      Faith    .    c - +0 buckler
rNeg    . . .      Spirit   .    (body armour currently unavailable)
rPois   +          Reflect  .    (helmet currently unavailable)
rElec   +          Harm     .    (cloak currently unavailable)
rCorr   +          Rampage  .    (gloves currently unavailable)
Will    ++...      NoTele   +    (boots currently unavailable)
Stlth   ++++                     (no amulet)
HPRegen 0.48/turn                b - +6 ring of strength
MPRegen 0.20/turn                x - ring of willpower

@: mighty, tree-form, resistant, invisible
A: stationary, stasis, torment immunity, boosted hp, (fangs 1), strong nose,
distributed training
a: End Transformation, Renounce Religion, Potion Petition, Call Merchant, Bribe
Branch


You were on level 5 of the Lair of Beasts.
You worshipped Gozag.
Gozag was most pleased with you.
You were a tree.
You visited 3 branches of the dungeon, and saw 18 of its levels.
You also visited: Sewer and Ossuary.

You collected 3464 gold pieces.
You spent 308 gold pieces at shops.
You paid 1333 gold pieces to Gozag.

Inventory:

Hand Weapons
 d - a +9 morningstar (weapon)
Missiles
 f - 7 boomerangs
 H - 3 throwing nets
 I - 4 javelins (quivered)
Armour
 c - a +0 buckler (worn)
 m - a +2 cloak (melded)
 s - a +0 pair of gloves (melded)
 t - a +2 pair of boots of rampaging (melded)
 v - the +2 plate armour of the Black Skies (melded) {Will+ Str+4}
   (You found it on level 11 of the Dungeon)

   Str:       It affects your strength (+4).
   Will:      It increases your willpower.
 N - the +3 hat of Pondering (melded) {ponderous, Will+ MP+10 Int+5}
   (You took it off Gastronok on level 3 of the Lair of Beasts)

   Int:       It affects your intelligence (+5).
   MP:        It affects your magic capacity (+10).
   Will:      It increases your willpower.
Jewellery
 b - a +6 ring of strength (left branch)
 l - a ring of see invisible
 x - a ring of willpower (right branch)
 z - a ring of wizardry
Wands
 i - a wand of digging (8)
 o - a wand of mindburst (1)
 y - a wand of iceblast (9)
 F - a wand of polymorph (12)
 G - a wand of flame (18)
 J - a wand of light (2)
Scrolls
 e - a scroll of amnesia
 h - 4 scrolls of blinking
 k - 12 scrolls of identify
 p - a scroll of torment
 q - 3 scrolls of immolation
 C - a scroll of poison
 L - 5 scrolls of teleportation
Potions
 g - a potion of brilliance
 j - 3 potions of mutation
 n - 3 potions of resistance
 r - 3 potions of attraction
 w - 3 potions of flight
 A - 3 potions of magic
 B - 3 potions of lignification


   Skills:
 + Level 11.3 Fighting
 + Level 9.3 Short Blades
 + Level 9.3 Long Blades
 + Level 9.3 Axes
 + Level 10.4 Maces & Flails
 + Level 9.3 Polearms
 + Level 9.3 Staves
 + Level 9.3 Ranged Weapons
 + Level 9.3 Throwing
 + Level 11.3 Armour
 + Level 9.3 Dodging
 + Level 9.3 Stealth
 + Level 11.3 Shields
 + Level 9.3 Unarmed Combat
 + Level 9.3 Spellcasting
 + Level 7.7 Conjurations
 + Level 7.7 Hexes
 + Level 7.7 Summonings
 + Level 7.7 Necromancy
 + Level 7.7 Translocations
 + Level 7.7 Transmutations
 + Level 7.7 Fire Magic
 + Level 7.7 Ice Magic
 + Level 7.7 Air Magic
 + Level 7.7 Earth Magic
 + Level 7.7 Poison Magic
 + Level 10.1 Invocations
 + Level 9.3 Evocations


You had 31 spell levels left.
You didn't know any spells.
Your spell library contained the following spells:

 Spells                   Type           Power      Damage    Failure   Level
 Scorch                   Fire           32%        2d6       1%          2
 Call Canine Familiar     Summ           16%        N/A       2%          3
 Inner Flame              Hex/Fire       16%        N/A       2%          3
 Portal Projectile        Hex/Tloc       32%        N/A       2%          3
 Tukima's Dance           Hex            16%        N/A       2%          3
 Animate Armour           Summ/Erth      32%        N/A       9%          4
 Cause Fear               Hex            8%         N/A       9%          4
 Flame Wave               Conj/Fire      16%        2d7       9%          4
 Leda's Liquefaction      Hex/Erth       8%         N/A       9%          4
 Passage of Golubria      Tloc           16%        N/A       9%          4
 Blade Hands              Tmut           8%         N/A       22%         5
 Summon Forest            Summ/Tloc      8%         N/A       22%         5
 Summon Mana Viper        Hex/Summ       16%        N/A       22%         5
 Yara's Violent Unravell  Hex/Tmut       8%         3d5       22%         5
 Iron Shot                Conj/Erth      8%         9d3       77%         6
 Summon Cactus Giant      Summ           8%         N/A       77%         6
 Discord                  Hex            8%         N/A       100%        8


Dungeon Overview and Level Annotations

Branches:
Dungeon (12/15)            Temple (1/1) D:6            Lair (5/5) D:9
 Shoals (0/4) Lair:3       Spider (0/4) Lair:3        Slime (0/5) Lair:5
  Sewer (visited)         Ossuary (visited)
    Orc: D:9-12

Altars:
Ashenzari
Cheibriados
Dithmenos
Elyvilon
Fedhas
Gozag
Hepliaklqana
Kikubaaqudgha
Makhleb
Nemelex Xobeh
Okawaru
Qazlal
Ru
Sif Muna
Trog
Uskayaw
Vehumet
Wu Jian
Xom
Yredelemnul
Zin
The Shining One
Jiyva

Shops:
D:2 [   D:9 !

Annotations:
D:6 1 runed translucent door, Crazy Yiuf
D:10 2 transporters, NinjaNoafa's ghost, journeyman HOMo


Innate Abilities, Weirdness & Mutations

You are a tree.
Your roots penetrate the ground, keeping you stationary.
You cannot be teleported.
You are immune to unholy pain and torment.
Your maximum health is greatly increased.
Your equipment is partially melded.
((You have very sharp teeth.))
Your uncanny sense of smell can sniff out nearby items.
Your experience applies equally to all skills.


Message History

You closely miss the skyshark.
You bite the skyshark, but do no damage.
The skyshark is severely wounded.
You block the skyshark's attack.
The skyshark tail-slaps you but does no damage.
You block the skyshark's attack. The skyshark bites you!!
* * * LOW HITPOINT WARNING * * *
The skyshark tail-slaps you.
* * * LOW HITPOINT WARNING * * *
The skyshark barely misses you. [a] - 374 gold - lignification, might and resistance [b] - 300 gold - brilliance and magic [c] - 260 gold - resistance Purchase which effect?
You turn into a tree.
Your +2 cloak melds into your body.
The +3 hat of Pondering {ponderous, Will+ MP+10 Int+5} melds into your body.
Your +0 pair of gloves melds into your body.
Your +2 pair of boots of rampaging melds into your body.
The +2 plate armour of the Black Skies {Will+ Str+4} melds into your body.
That put a bit of spring back into your step.
You feel your magic capacity decrease.
You no longer feel able to rampage towards enemies.
Your roots penetrate the ground.
You feel very mighty all of a sudden.
You feel protected.
The skyshark bites you but does no damage.
The skyshark tail-slaps you but does no damage.
The skyshark tail-slaps you!
* * * LOW HITPOINT WARNING * * *
[a] - 660 gold - haste, brilliance and magic [b] - 312 gold - invisibility and might [c] - 308 gold - resistance and might Purchase which effect?
You fade into invisibility!
You feel mightier all of a sudden.
The skyshark bites you but does no damage.
The skyshark tail-slaps you but does no damage. x2
The skyshark bites you but does no damage.
The skyshark tail-slaps you but does no damage.
The skyshark tail-slaps you!
You die...
Your body crumbles into a pile of gold.

*** *** *** #.## *
****,*****,###?.####**** ****
***,**,,,**,,#....P#.**,,*****,,*
,,,,,,,,..,,,,...^..,,,,,,,,,,,,,
,,,,,,,*#.P,,*#....,,,,,,,,,,,,,,
,,*,,,,*##..*##...##,,**,,*,,,,,,
,*,,,,*,#...##..l..#*,,,,,,,,,,,,
****,,,*.....#..♣.#**,,,,**,,,,,,
,**,,,,,..........##*,,,,,,,,,,,,
**,,,,,,......P....#*,...,,,.....
,**...*,*#...##....#*,,..###.....
***#...#######.....#####.#.....(.
***#..P#.##...#...#.....#........
*,#P.......................Y.....
,,.........................Y.....
,,...............................


You could see a skyshark (berserk, unable to see you).

Vanquished Creatures
  Gastronok (Lair:3)
  5 hydras
  Erolcha (D:9)
  Erica (D:10)
  A centaur warrior (D:10)
  2 death yaks (Lair:4)
  Nergalle (D:10)
  A skeletal warrior (D:10)
  An orb spider (Lair:3)
  A harpy (Lair:3)
  3 manticores (D:11)
  Maurice (D:10)
  2 cyclopes (D:11)
  8 elephants
  7 black mambas
  A kobold demonologist (D:10)
  A gargoyle (D:11)
  11 cane toads
  An unseen horror (D:10)
  A yaktaur (D:11)
  7 komodo dragons
  2 rime drakes (Lair:3)
  2 trolls
  2 hornets
  2 polar bears
  11 blink frogs
  A vampire (D:11)
  A shadow (D:11)
  5 wyverns
  Grum (D:10)
  Eustachio (D:6)
  A wraith (D:9)
  30 yaks
  4 steam dragons
  Menkaure (D:7)
  6 vampire mosquitoes
  3 acid dragons
  14 water moccasins
  A floating eye (Lair:4)
  A black bear (D:9)
  An orc warrior (D:9)
  2 ice beasts
  4 sky beasts
  8 wolves
  An ogre (D:7)
  2 centaurs (D:9)
  3 kobold brigands
  18 bullfrogs
  4 necrophages
  A gnoll sergeant (D:10)
  2 scorpions
  18 wights
  4 electric eels
  3 howler monkeys
  4 jellies
  2 gnoll boudas
  5 hounds
  4 iguanas
  2 orc priests
  4 orc wizards
  7 hell rats (Lair:5)
  5 mummies (Ossuary)
  10 adders
  16 gnolls
  2 river rats
  A white imp (D:5)
  3 ufetubi
  4 worms
  2 dart slugs
  13 orcs
  8 bats
  11 endoplasms
  3 giant cockroaches
  2 gnoll zombies (Ossuary)
  7 goblins
  4 hobgoblins
  8 jackals
  23 kobolds
  8 quokkas
  6 ball pythons
  A frilled lizard (D:2)
  3 goblin zombies (Ossuary)
  2 hobgoblin zombies (Ossuary)
  A kobold zombie (Ossuary)
  13 rats
402 creatures vanquished.

Vanquished Creatures (others)
  A komodo dragon (D:9)
  An orc (D:9)
  29 fungi
  49 plants
  15 toadstools (D:3)
95 creatures vanquished.

Grand Total: 497 creatures vanquished

Notes
Turn   | Place    | Note
-------+----------+-------------------------------------------
     0 | D:1      | retardedninja the Gnoll Fighter began the quest for the
                  | Orb.
     0 | D:1      | Reached XP level 1. HP: 23/23 MP: 1/1
   137 | D:1      | Reached XP level 2. HP: 29/29 MP: 2/2
   476 | D:1      | Reached XP level 3. HP: 35/35 MP: 3/3
   952 | D:2      | Reached skill level 1 in Invocations
   982 | D:2      | Reached skill level 1 in Short Blades
   982 | D:2      | Reached skill level 1 in Long Blades
   982 | D:2      | Reached skill level 1 in Axes
   982 | D:2      | Reached skill level 1 in Polearms
   982 | D:2      | Reached skill level 1 in Staves
   982 | D:2      | Reached skill level 1 in Ranged Weapons
   982 | D:2      | Reached skill level 1 in Throwing
   982 | D:2      | Reached skill level 1 in Dodging
   982 | D:2      | Reached skill level 1 in Stealth
   982 | D:2      | Reached skill level 1 in Unarmed Combat
   982 | D:2      | Reached skill level 1 in Spellcasting
   982 | D:2      | Reached skill level 1 in Evocations
  1143 | D:2      | Found Alinitsada's Antique Armour Emporium.
  1167 | D:2      | Reached XP level 4. HP: 18/41 MP: 5/5
  1587 | D:2      | Reached skill level 1 in Conjurations
  1587 | D:2      | Reached skill level 1 in Hexes
  1587 | D:2      | Reached skill level 1 in Summonings
  1587 | D:2      | Reached skill level 1 in Necromancy
  1587 | D:2      | Reached skill level 1 in Translocations
  1587 | D:2      | Reached skill level 1 in Transmutations
  1587 | D:2      | Reached skill level 1 in Fire Magic
  1587 | D:2      | Reached skill level 1 in Ice Magic
  1587 | D:2      | Reached skill level 1 in Air Magic
  1587 | D:2      | Reached skill level 1 in Earth Magic
  1587 | D:2      | Reached skill level 1 in Poison Magic
  2283 | D:3      | Reached XP level 5. HP: 47/47 MP: 7/7
  2329 | D:3      | Found a glowing drain.
  2335 | Sewer    | Entered a sewer
  2398 | Sewer    | Noticed a kobold brigand
  2400 | Sewer    | Noticed a kobold brigand
  2419 | Sewer    | Killed a kobold brigand
  2425 | Sewer    | Killed a kobold brigand
  2426 | Sewer    | Reached skill level 5 in Maces & Flails
  2426 | Sewer    | Reached XP level 6. HP: 14/53 MP: 7/9
  2690 | Sewer    | Found a white marble altar of Elyvilon.
  3493 | D:4      | Reached XP level 7. HP: 59/60 MP: 10/10
  3499 | D:4      | Found an iron altar of Okawaru.
  3837 | D:5      | Entered Level 5 of the Dungeon
  4234 | D:5      | Identified the -2 helmet of Perpetual Drought {Harm Dex+2
                  | Stlth+}
  4451 | D:5      | Reached XP level 8. HP: 67/67 MP: 12/12
  4578 | D:5      | Identified the +11 sling "Wamur" {elec, rN+ Str+4 SInv}
  4815 | D:6      | Noticed Eustachio
  4862 | D:6      | Killed Eustachio
  4947 | D:6      | Found a staircase to the Ecumenical Temple.
  5170 | D:6      | Reached XP level 9. HP: 6/73 MP: 14/14
  5807 | D:6      | Found a runed translucent door.
  5808 | D:6      | Noticed Crazy Yiuf
  7156 | D:7      | Found a sparkling altar of Nemelex Xobeh.
  7236 | D:7      | Noticed Menkaure
  7237 | D:7      | Killed Menkaure
  7390 | D:7      | Reached skill level 5 in Invocations
  8510 | D:8      | Found a sand-covered staircase.
  8544 | Ossuary  | Entered an ossuary
  9248 | D:8      | Reached skill level 5 in Short Blades
  9248 | D:8      | Reached skill level 5 in Long Blades
  9248 | D:8      | Reached skill level 5 in Axes
  9248 | D:8      | Reached skill level 5 in Polearms
  9248 | D:8      | Reached skill level 5 in Staves
  9248 | D:8      | Reached skill level 5 in Ranged Weapons
  9248 | D:8      | Reached skill level 5 in Throwing
  9248 | D:8      | Reached skill level 5 in Dodging
  9248 | D:8      | Reached skill level 5 in Stealth
  9248 | D:8      | Reached skill level 5 in Unarmed Combat
  9248 | D:8      | Reached skill level 5 in Spellcasting
  9248 | D:8      | Reached skill level 5 in Evocations
  9248 | D:8      | Reached XP level 10. HP: 47/81 MP: 17/17
  9420 | D:8      | Identified a scroll of acquirement
  9420 | D:8      | Acquired 393 gold pieces
 10241 | D:9      | Noticed Erolcha
 10248 | D:9      | Killed Erolcha
 10461 | Temple   | Entered the Ecumenical Temple
 10588 | Temple   | Became a worshipper of Gozag Ym Sagoz the Greedy
 11096 | D:9      | Paralysed by a hornet for 2 turns
 11617 | D:9      | Found a staircase to the Lair.
 11862 | D:9      | Found Ymeivim's Distillery.
 11867 | D:9      | Bought a potion of mutation for 112 gold pieces
 11867 | D:9      | Bought a potion of curing for 42 gold pieces
 11867 | D:9      | Bought a potion of curing for 42 gold pieces
 11867 | D:9      | Bought a potion of mutation for 112 gold pieces
 11897 | D:8      | Reached skill level 5 in Conjurations
 11897 | D:8      | Reached skill level 5 in Hexes
 11897 | D:8      | Reached skill level 5 in Summonings
 11897 | D:8      | Reached skill level 5 in Necromancy
 11897 | D:8      | Reached skill level 5 in Translocations
 11897 | D:8      | Reached skill level 5 in Transmutations
 11897 | D:8      | Reached skill level 5 in Fire Magic
 11897 | D:8      | Reached skill level 5 in Ice Magic
 11897 | D:8      | Reached skill level 5 in Air Magic
 11897 | D:8      | Reached skill level 5 in Earth Magic
 11897 | D:8      | Reached skill level 5 in Poison Magic
 12249 | D:9      | Reached XP level 11. HP: 73/89 MP: 20/20
 12643 | D:10     | Entered Level 10 of the Dungeon
 12643 | D:10     | Found a transporter.
 12647 | D:10     | Noticed a moth of wrath
 12655 | D:10     | Found a transporter.
 12664 | D:10     | Noticed Maurice
 12706 | D:10     | Killed Maurice
 13010 | D:10     | Noticed a centaur warrior
 13029 | D:10     | Killed a centaur warrior
 14738 | D:10     | Noticed Grum
 14738 | D:10     | Noticed NinjaNoafa's ghost (journeyman HOMo)
 14754 | D:10     | Killed Grum
 14863 | D:10     | Found the ring of the Hare {EV+10}
 14894 | D:10     | Noticed Nergalle
 14896 | D:10     | Noticed a spectral orc warlord
 14910 | D:10     | Killed Nergalle
 15143 | D:10     | Noticed Erica
 15152 | D:10     | Killed Erica
 15623 | D:10     | Found a white marble altar of Elyvilon.
 15696 | D:11     | Noticed a manticore
 15702 | D:11     | Noticed a skeletal warrior
 15705 | D:11     | Noticed a sun demon
 15713 | D:11     | Noticed a soul eater
 15740 | D:10     | Killed a skeletal warrior
 16305 | D:11     | Noticed a sun demon
 16311 | D:10     | Noticed a sixfirhy
 16669 | D:11     | Noticed a cyclops
 16675 | D:11     | Killed a manticore
 16686 | D:11     | Killed a cyclops
 17210 | D:11     | Reached XP level 12. HP: 92/97 MP: 22/22
 17353 | D:11     | Identified the +4 scale mail of Sidgh {+Blink Int+4 Stlth+}
 17360 | D:11     | Identified the +2 plate armour of the Black Skies {Will+
                  | Str+4}
 18848 | D:12     | Noticed a boulder beetle
 18852 | D:12     | Reached skill level 10 in Fighting
 18852 | D:12     | Reached skill level 10 in Armour
 18852 | D:12     | Reached skill level 10 in Shields
 19319 | Lair:1   | Entered Level 1 of the Lair of Beasts
 21169 | Lair:2   | Noticed a five-headed hydra
 21169 | Lair:2   | Found an ornate altar of the Wu Jian Council.
 21586 | Lair:2   | Killed a five-headed hydra
 21919 | Lair:2   | Identified the +7 long sword of Cirgh {drain, Will+ Str+7}
 21932 | Lair:2   | Reached XP level 13. HP: 95/104 MP: 25/25
 22422 | Lair:3   | Found a hole to the Spider Nest.
 23438 | Lair:3   | Found a staircase to the Shoals.
 24118 | Lair:3   | Noticed Gastronok
 24137 | Lair:3   | Killed Gastronok
 25233 | Lair:4   | Reached skill level 10 in Maces & Flails
 26801 | Lair:5   | Entered Level 5 of the Lair of Beasts
 27707 | Lair:5   | Reached XP level 14. HP: 36/113 MP: 27/27
 27712 | Lair:5   | Reached skill level 10 in Invocations
 27785 | Lair:4   | Paralysed by a floating eye for 4 turns
 28400 | Lair:5   | Found a staircase to the Slime Pits.
 28403 | Lair:5   | Found a viscous altar of Jiyva.
 28994 | Lair:5   | HP: 5/113 [skyshark (1)]
 28995 | Lair:5   | HP: 2/169 [skyshark (7)]
 28996 | Lair:5   | Mangled by a skyshark

Illustrated notes

Levels and vault maps discovered:
D:1:      amcnicky_arrival_double_pillar, layout_loops_ring, lemuel_flame_loot_1
D:2:      cheibrodos_old_hovel, layout_loops_ring, serial_shops,
          nicolae_diamond_shop, minivault_19
D:3:      cheibrodos_fertilizer, layout_basic, gup_sewer_entry_spiral
D:4:      layout_rooms, nicolae_overflow_hidden_temple, patterned_corridor
D:5:      minmay_chambers_of_threes, layout_gridville
D:6:      minmay_evil_eye, layout_rooms, minmay_temple_entry_antechambers,
          uniq_crazy_yiuf_cottage, uniq_eustachio
D:7:      layout_gridville, nemelex_spade_bored_becter, nrook_pool_corridor,
          serial_bayou_lagoon_a, item_on_display_a, uniq_menkaure
D:8:      layout_basic, enter_ossuary_2, kennysheep_generic_room_14
D:9:      layout_small_grid, grunt_lair_entry_orc_guard_hut, serial_shops, shop,
          uniq_erolcha
D:10:     layout_long_grid, nicolae_elyvilon_temple_path,
          gammafunk_ghost_berserking_beasts, uniq_erica, uniq_maurice,
          uniq_nergalle, uniq_grum
D:11:     cheibrodos_elevator_heist, layout_rooms
D:12:     layout_long_grid, david_orc_3, uniq_psyche, uniq_fannar
Temple:   compressed_dpeg_triangle_lava_temple
Lair:1:   layout_layer_cave, minivault_24
Lair:2:   layout_cave_shapes, basic_altar, serial_bayou_shore_b,
          lemuel_fruit_tree
Lair:3:   layout_cave_shapes, nicolae_shoals_entry_roost,
          nicolae_spider_entry_orb_guardian, minmay_shattered_shrine,
          uniq_gastronok
Lair:4:   layout_gridlike, grunt_megastairs_3
Lair:5:   grunt_lair_end_beastmaster, layout_regular_city,
          minmay_slime_entry_eyes

Skill      XL: |  1  2  3  4  5  6  7  8  9 10 11 12 13 14 |
---------------+-------------------------------------------+-----
Invocations    | 1 2 3 4 5 6 7 8 9 10 | 10.1
Short Blades   | 1 2 3 5 6 7 8 9 |  9.3
Long Blades    | 1 2 3 5 6 7 8 9 |  9.3
Axes           | 1 2 3 5 6 7 8 9 |  9.3
Polearms       | 1 2 3 5 6 7 8 9 |  9.3
Staves         | 1 2 3 5 6 7 8 9 |  9.3
Ranged Weapons | 1 2 3 5 6 7 8 9 |  9.3
Throwing       | 1 2 3 5 6 7 8 9 |  9.3
Dodging        | 1 2 3 5 6 7 8 9 |  9.3
Stealth        | 1 2 3 5 6 7 8 9 |  9.3
Unarmed Combat | 1 2 3 5 6 7 8 9 |  9.3
Spellcasting   | 1 2 3 5 6 7 8 9 |  9.3
Evocations     | 1 2 3 5 6 7 8 9 |  9.3
Conjurations   | 1 2 3 4 5 6 7 |  7.7
Hexes          | 1 2 3 4 5 6 7 |  7.7
Summonings     | 1 2 3 4 5 6 7 |  7.7
Necromancy     | 1 2 3 4 5 6 7 |  7.7
Translocations | 1 2 3 4 5 6 7 |  7.7
Transmutations | 1 2 3 4 5 6 7 |  7.7
Fire Magic     | 1 2 3 4 5 6 7 |  7.7
Ice Magic      | 1 2 3 4 5 6 7 |  7.7
Air Magic      | 1 2 3 4 5 6 7 |  7.7
Earth Magic    | 1 2 3 4 5 6 7 |  7.7
Poison Magic   | 1 2 3 4 5 6 7 |  7.7
Maces & Flails | 5 6 7 8 9 10 | 10.4
Fighting       | 7 8 9 10 11 | 11.3
Armour         | 7 8 9 10 11 | 11.3
Shields        | 7 8 9 10 11 | 11.3

Action                     |  1- 3 |  4- 6 |  7- 9 | 10-12 | 13-15 || total
---------------------------+-------+-------+-------+-------+-------++-------
  Melee: Flail             |   105 |   231 |   198 |       |       ||   534
         Bite              |    10 |    23 |    47 |    65 |    51 ||   196
         Morningstar       |       |       |   143 |   553 |   388 ||  1084
  Throw: Boomerang         |     6 |     6 |    10 |     2 |       ||    24
         Throwing net      |     1 |       |       |       |       ||     1
         Javelin           |       |       |    18 |     9 |       ||    27
 Invoke: Potion Petition   |       |       |       |     2 |     2 ||     4
  Evoke: Wand              |       |       |    12 |    12 |     6 ||    30
    Use: Potion            |     1 |     2 |     4 |    20 |    10 ||    37
         Scroll            |       |       |    21 |     9 |     7 ||    37
   Stab: Invisible         |       |       |       |     2 |     6 ||     8
         Distracted        |       |       |       |       |     2 ||     2
         Held in net/web   |       |       |       |       |     1 ||     1
 Armour: Scale mail        |    55 |    97 |       |       |       ||   152
         Chain mail        |       |    17 |   153 |    58 |       ||   228
         Plate armour      |       |       |       |   408 |   392 ||   800
         Skin              |       |       |       |     1 |     7 ||     8
  Dodge: Dodged            |    47 |   146 |   154 |   382 |   330 ||  1059
  Block: Buckler           |    28 |    88 |   111 |   232 |   199 ||   658

Table legend: (Time is in decaauts)
 A = Elapsed time spent in this place.
 B = Non-inter-level travel time spent in this place.
 C = Inter-level travel time spent in this place.
 D = Time resting spent in this place.
 E = Time spent auto-exploring this place.
 F = Levels seen in this place.
 G = Mean time per level.
                   A        B        C        D        E       F      G
               +--------+--------+--------+--------+--------+-----+--------+
         Total |  29359 |  28387 |    972 |  13814 |  10181 |  20 | 1467.9 |
       Dungeon |  18675 |  17879 |    796 |   8370 |   6680 |  12 | 1556.2 |
        Temple |    140 |    107 |     33 |      0 |     90 |   1 |  140.0 |
          Lair |   9761 |   9620 |    141 |   5179 |   3215 |   5 | 1952.2 |
         Sewer |    429 |    429 |      0 |    230 |    111 |   1 |  429.0 |
       Ossuary |    352 |    352 |      0 |     35 |     84 |   1 |  352.0 |
               +--------+--------+--------+--------+--------+-----+--------+

Top non-repeatable levels by time:
    D:10: 5014 daAuts
  Lair:4: 3027 daAuts
  Lair:3: 2750 daAuts
     D:7: 2575 daAuts
  Lair:1: 2201 daAuts
     D:9: 1854 daAuts
     D:8: 1824 daAuts
    D:11: 1613 daAuts
     D:6: 1280 daAuts
     D:2: 1108 daAuts
     D:5: 932 daAuts
     D:1: 928 daAuts
  Lair:5: 927 daAuts
     D:3: 913 daAuts
  Lair:2: 854 daAuts
